 Dungeon Sprint DCSS version 0.27-a0-1177-g245c70e1c0 (webtiles) character file.

Game seed: 5704511704588920899

6288 mhtbhm the Earth Mage (level 10, -13/54 HPs)
             Began as a Gargoyle Earth Elementalist on May 16, 2021.
             Was the Champion of Vehumet.
             Mangled by a sun demon (14 damage)
             ... summoned by an orc high priest
             ... in the Dungeon (Sprint III: "The Ten Rune Challenge").
             The game lasted 00:05:56 (2131 turns).

mhtbhm the Earth Mage (Gargoyle Earth Elementalist) Turns: 2131, Time: 00:05:57

Health: -13/54     AC: 12    Str: 12    XL:     10   Next: 94%
Magic:  10/29      EV: 13    Int: 21    God:    Vehumet [******]
Gold:   39         SH:  0    Dex: 10    Spells: 18/39 levels left

rFire    . . .     SeeInvis .   a - +4 quarterstaff (chaos)
rCold    . . .     Faith    .   (shield currently unavailable)
rNeg     + . .     Spirit   .   c - +0 robe
rPois    ∞         Reflect  .   (no helmet)
rElec    +         Harm     .   k - +0 cloak
rCorr    .         Rampage  .   (no gloves)
Will     .....     NoTele   +   (no boots)
Stlth    +++.......             (no amulet)
HPRegen  0.18/turn              (no ring)
MPRegen  0.21/turn              (no ring)

@: no status effects
A: sickness immunity, AC +7, negative energy resistance 1, electricity
resistance, torment resistance 1, petrification resistance, iridescent scales 1,
clever 1
a: Renounce Religion


You were in the Dungeon.
You worshipped Vehumet.
Vehumet was exalted by your worship.
You visited 1 branch You collected 39 gold pieces.

Inventory:

Hand Weapons
 a - a +4 quarterstaff of chaos (weapon)
Missiles
 b - 11 stones
 j - 11 poisoned darts (quivered)
Armour
 c - a +0 robe (worn)
 k - a +0 cloak (worn)
Scrolls
 i - a scroll of blinking
 m - 2 scrolls of torment {unknown}
 n - 2 scrolls of identify {unknown}
Potions
 d - a potion of curing
 f - a potion of haste
 g - a potion of magic
 h - 2 potions of berserk rage
 l - a potion of mutation
 o - a potion of attraction {unknown}
 p - a potion of invisibility {unknown}
 q - 2 potions of flight
 r - a potion of might
 t - a potion of cancellation {unknown}
Miscellaneous
 s - a tin of tremorstones (1/2)


   Skills:
 + Level 2.3 Fighting
 + Level 0.4 Staves
 + Level 5.2 Throwing
 + Level 4.2 Dodging
 + Level 5.1 Stealth
 + Level 15.4 Spellcasting
 + Level 2.6 Conjurations
 + Level 0.9 Hexes
 + Level 1.0 Transmutations
 + Level 0.9 Fire Magic
 + Level 18.3 Earth Magic
 + Level 0.1 Poison Magic
 + Level 0.2 Evocations


You had 18 spell levels left.
You knew the following spells:

 Your Spells              Type           Power      Damage    Failure   Level
a - Sandblast             Erth           100%       2d20      0%          1
b - Passwall              Tmut/Erth      45%        N/A       1%          2
c - Stone Arrow           Conj/Erth      100%       3d13      1%          3
d - Lee's Rapid Deconstr  Erth           37%        3d20*     1%          5
e - Petrify               Tmut/Erth      54%        N/A       1%          4
f - Mephitic Cloud        Conj/Pois/Air  20%        N/A       2%          3
g - Inner Flame           Hex/Fire       20%        N/A       2%          3

Your spell library contained the following spells:

 Spells                   Type           Power      Damage    Failure   Level
 Fulminant Prism          Conj/Hex       11%        3d9       4%          4
 Magic Dart               Conj           100%       1d8       1%          1
 Conjure Flame            Conj/Fire      23%        6-21      1%          3
 Slow                     Hex            20%        N/A       3%          2
 Blink                    Tloc           N/A        N/A       5%          2
 Call Imp                 Summ           16%        N/A       5%          2


Dungeon Overview and Level Annotations

Branches:
Dungeon (1/1)

Altars:
Cheibriados
Dithmenos
Elyvilon
Fedhas
Gozag
Hepliaklqana
Kikubaaqudgha
Makhleb
Nemelex Xobeh
Okawaru
Qazlal
Ru
Sif Muna
Trog
Uskayaw
Vehumet
Wu Jian
Xom
Yredelemnul
Zin
The Shining One
Beogh
Jiyva
Lugonu


Innate Abilities, Weirdness & Mutations

You are immune to sickness and miasma.
Your stone body is resilient. (AC +7)
You are immune to poison.
You resist negative energy. (rN+)
You are resistant to electric shocks. (rElec)
You are resistant to unholy torment.
You are immune to petrification.
You are partially covered in iridescent scales. (AC +2)
Your mind is acute. (Int +2)


Message History

Casting: Lee's Rapid Deconstruction (safe; 1% risk of failure)
Confirm with . or Enter, or press ? or * to list all spells.
Aiming: Lee's Rapid Deconstruction (safe; 1% risk of failure)
Press: ? - help, Dir - move target A rock wall.
The wall shatters!
The blast of rock fragments hits the orc knight but does no damage.
The orc knight is almost dead.
The orc knight roars a battlecry!
The orc knight is engulfed in noxious fumes.
The orc knight appears confused.
The orc knight misses the sun demon.
The orc knight hits you but does no damage.
The sun demon hits you but does no damage.
Unknown command.
Unknown command.
Casting: Lee's Rapid Deconstruction (safe; 1% risk of failure)
Confirm with . or Enter, or press ? or * to list all spells.
Aiming: Lee's Rapid Deconstruction (safe; 1% risk of failure)
Press: ? - help, Dir - move target A rock wall.
The wall shatters!
The blast of rock fragments hits the orc knight!!
You kill the orc knight!
Vehumet accepts your kill.
You feel your power returning. The sun demon hits you!
You are engulfed in flames!
* * * LOW HITPOINT WARNING * * *
The orc high priest mumbles some strange prayers to Beogh.
You hear a shout!
Your tin of tremorstones (1/2) has regained one charge.
Unknown command.
Unknown command.
You feel better. The sun demon hits you.
* * * LOW HITPOINT WARNING * * *
You are engulfed in flames!
* * * LOW HITPOINT WARNING * * *
The sun demon hits you.
* * * LOW HITPOINT WARNING * * *
You are engulfed in flames!
You die...

♣♣.#.).#__)#._#4o.
♣..###'#'###'##o{
♣♣♣.#..........#$o
..♣.'.⌠........#)#
≈♣..#...######'#$#
....#.⌠.#__#...#§################
....#)..#__#.§.#§§§§≈'§#.)...'.#.
....#'###__#.§.#3#§§§#.#)#...##.#
....#.):#__#...§@#§§.#.#.#)..#.#.
....#___#__'...#§#§§.#...#...##.#
▓▓▓▓▓▓▓▓▓▓▓▓▓▓▓▓▓▓▓▓▓▓▓▓▓▓▓▓▓#.#.
♣≈≈≈........≈≈≈...##.#
+♣≈≈≈≈≈≈≈≈≈≈≈≈♣♣P.'.#.
♣♣♣♣♣♣♣♣♣♣♣♣♣♣♣PP##.# ♣♣♣##+#


You could see a sun demon (summoned).

Vanquished Creatures
  Josephine (D)
  A centaur warrior (D)
  An orc knight (D)
  A deep elf pyromancer (D)
  An orc sorcerer (D)
  An unseen horror (D)
  A queen bee (D)
  3 wandering mushrooms (D)
  A shadow (D)
  A spatial vortex (D)
  2 centaurs (D)
  A necrophage (D)
  An earth elemental (D)
  A water elemental (D)
  32 killer bees (D)
  A jelly (D)
  Crazy Yiuf (D)
  A wizard (D)
  Jessica (D)
  A necromancer (D)
  3 humans (D)
  A kobold demonologist (D)
  An orc (D)
  2 rats (D)
61 creatures vanquished.

Notes
Turn   | Place    | Note
-------+----------+-------------------------------------------
     0 | D        | mhtbhm the Gargoyle Earth Elementalist began the quest for
                  | the Orb.
     0 | D        | Reached XP level 1. HP: 10/10 MP: 3/3
     3 | D        | Reached skill level 4 in Earth Magic
    48 | D        | Noticed Jessica
    51 | D        | Killed Jessica
    52 | D        | Reached skill level 6 in Earth Magic
    52 | D        | Reached XP level 2. HP: 15/15 MP: 0/6
    52 | D        | Reached XP level 3. HP: 19/19 MP: 0/7
   132 | D        | Learned a level 2 spell: Passwall
   136 | D        | Learned a level 3 spell: Stone Arrow
   162 | D        | Reached skill level 7 in Earth Magic
   356 | D        | Noticed Crazy Yiuf
   363 | D        | Killed Crazy Yiuf
   364 | D        | Reached skill level 1 in Throwing
   364 | D        | Reached XP level 4. HP: 24/24 MP: 1/9
   455 | D        | Gained mutation: Your mind is acute. (Int +2) [potion of
                  | mutation]
   455 | D        | Gained mutation: You are partially covered in iridescent
                  | scales. (AC +2) [potion of mutation]
   474 | D        | Noticed a water elemental
   477 | D        | Killed a water elemental
   478 | D        | Reached skill level 1 in Transmutations
   478 | D        | Reached skill level 9 in Earth Magic
   478 | D        | Reached XP level 5. HP: 28/28 MP: 4/12
   545 | D        | Learned a level 5 spell: Lee's Rapid Deconstruction
   547 | D        | Found a radiant altar of Vehumet.
   550 | D        | Reached skill level 5 in Spellcasting
   551 | D        | Found a shimmering blue altar of Sif Muna.
   554 | D        | Found an ancient bone altar of Kikubaaqudgha.
   563 | D        | Became a worshipper of Vehumet
   643 | D        | Found a basalt altar of Yredelemnul.
   643 | D        | Found a shadowy altar of Dithmenos.
   643 | D        | Found a sacrificial altar of Ru.
   643 | D        | Noticed a necrophage
   645 | D        | Killed a necrophage
   646 | D        | Reached skill level 10 in Earth Magic
   646 | D        | Reached XP level 6. HP: 33/33 MP: 2/15
   651 | D        | Learned a level 4 spell: Petrify
   655 | D        | Learned a level 3 spell: Mephitic Cloud
   742 | D        | Found a glowing silver altar of Zin.
   742 | D        | Found a glowing golden altar of the Shining One.
   742 | D        | Found a white marble altar of Elyvilon.
   742 | D        | Noticed a deep elf pyromancer
   745 | D        | Noticed a fire elemental
   745 | D        | Noticed a fire elemental
   745 | D        | Killed a deep elf pyromancer
   745 | D        | Reached * piety under Vehumet
   745 | D        | Offered knowledge of Freeze by Vehumet.
   746 | D        | Reached skill level 1 in Fighting
   746 | D        | Reached skill level 1 in Conjurations
   746 | D        | Reached skill level 12 in Earth Magic
   746 | D        | Reached XP level 7. HP: 38/38 MP: 0/19
   864 | D        | Found a hide-covered altar of Uskayaw.
   864 | D        | Found an iron altar of Okawaru.
   864 | D        | Found a bloodstained altar of Trog.
   864 | D        | Found an ornate altar of the Wu Jian Council.
   864 | D        | Noticed a human
   864 | D        | Noticed a human
   866 | D        | Killed a human
   867 | D        | Killed a human
   868 | D        | Reached skill level 5 in Throwing
   868 | D        | Reached skill level 13 in Earth Magic
   868 | D        | Reached XP level 8. HP: 44/44 MP: 4/21
   971 | D        | Offered knowledge of Static Discharge by Vehumet.
   971 | D        | Reached ** piety under Vehumet
   971 | D        | Noticed a shadow
   974 | D        | Killed a shadow
   975 | D        | Reached skill level 5 in Stealth
   975 | D        | Reached skill level 10 in Spellcasting
  1133 | D        | Found a blossoming altar of Fedhas.
  1133 | D        | Found a stormy altar of Qazlal.
  1133 | D        | Found a snail-covered altar of Cheibriados.
  1133 | D        | Found a burning altar of Makhleb.
  1133 | D        | Found a shimmering altar of Xom.
  1134 | D        | Found a hazy altar of Hepliaklqana.
  1134 | D        | Found an opulent altar of Gozag.
  1134 | D        | Found a sparkling altar of Nemelex Xobeh.
  1134 | D        | Found a corrupted altar of Lugonu.
  1134 | D        | Found a viscous altar of Jiyva.
  1138 | D        | Offered knowledge of Inner Flame by Vehumet.
  1228 | D        | Noticed Josephine
  1233 | D        | Killed Josephine
  1234 | D        | Reached skill level 14 in Earth Magic
  1234 | D        | Reached XP level 9. HP: 34/48 MP: 13/25
  1326 | D        | Reached *** piety under Vehumet
  1327 | D        | Reached skill level 15 in Earth Magic
  1392 | D        | Learned a level 3 spell: Inner Flame
  1408 | D        | Noticed a centaur warrior
  1411 | D        | Offered knowledge of Hailstorm by Vehumet.
  1411 | D        | Killed a centaur warrior
  1532 | D        | Killed an unseen horror
  1532 | D        | Reached **** piety under Vehumet
  1533 | D        | Reached skill level 16 in Earth Magic
  1604 | D        | Noticed a wandering mushroom
  1608 | D        | Noticed a wandering mushroom
  1612 | D        | Killed a wandering mushroom
  1612 | D        | Offered knowledge of Iskenderun's Mystic Blast by Vehumet.
  1613 | D        | Reached XP level 10. HP: 53/53 MP: 18/27
  1776 | D        | Reached ***** piety under Vehumet
  1776 | D        | Offered knowledge of Airstrike by Vehumet.
  1780 | D        | Reached skill level 17 in Earth Magic
  1787 | D        | Reached ****** piety under Vehumet
  1791 | D        | Reached skill level 15 in Spellcasting
  2110 | D        | Noticed an orc sorcerer
  2111 | D        | Noticed an orc knight
  2113 | D        | Noticed an orc high priest
  2114 | D        | Offered knowledge of Fulminant Prism by Vehumet.
  2114 | D        | Killed an orc sorcerer
  2115 | D        | Reached skill level 18 in Earth Magic
  2123 | D        | Noticed a sun demon
  2127 | D        | Noticed an orc knight
  2129 | D        | Killed an orc knight
  2131 | D        | HP: 1/54 [sun demon[an orc high priest] (2)]
  2131 | D        | Mangled by a sun demon

Illustrated notes

Levels and vault maps discovered:
D:        dungeon_sprint_mu [sprint_mu_entry_forest, sprint_mu_temple_rooms,
          sprint_mu_d1_horrors, sprint_mu_d2_genie, sprint_mu_d3_branching,
          sprint_mu_orc_legion, sprint_mu_elf_gauntlet, sprint_mu_hive_nellie,
          sprint_mu_lair_fedhas, sprint_mu_vaults_butterflies,
          sprint_mu_slime_circle, sprint_mu_shoals_archi,
          sprint_mu_snake_twists, sprint_mu_blade_basic, sprint_mu_crypt_lich,
          sprint_mu_tomb_spiral, sprint_mu_vestibule_basic,
          sprint_mu_gehenna_hellfire, sprint_mu_dis_giant,
          sprint_mu_tartarus_statrot, sprint_mu_cocytus_islands, sprint_mu_zot1]

Skill      XL: |  1  2  3  4  5  6  7  8  9 10 |
---------------+-------------------------------+-----
Earth Magic    | 6 7 9 10 12 13 14 16 18 | 18.3
Dodging        | 2 3 4 |  4.2
Spellcasting   | 3 4 6 9 12 13 15 | 15.4
Stealth        | 3 4 5 |  5.1
Throwing       | 1 2 3 4 5 |  5.2
Transmutations | 1 |  1.0
Fighting       | 1 2 |  2.3
Conjurations   | 1 2 |  2.6
Staves         | |  0.4
Hexes          | |  0.9
Fire Magic     | |  0.9
Poison Magic   | |  0.1
Evocations     | |  0.2

Action                   |  1- 3 |  4- 6 |  7- 9 | 10-12 || total
-------------------------+-------+-------+-------+-------++-------
Melee: Club              |     1 |       |       |       ||     1
       Quarterstaff      |       |       |       |     4 ||     4
Throw: Dart              |    12 |       |     1 |       ||    13
 Cast: Sandblast         |    10 |     3 |       |     6 ||    19
       Stone Arrow       |     2 |     1 |     3 |     5 ||    11
       Lee's Rapid Decon |       |     5 |    21 |    20 ||    46
       Inner Flame       |       |       |       |     3 ||     3
       Mephitic Cloud    |       |       |       |     1 ||     1
Evoke: Tin of tremorston |       |       |       |     2 ||     2
  Use: Potion            |       |     1 |       |     3 ||     4
Armor: Robe              |     3 |     1 |     3 |     5 ||    12
Dodge: Dodged            |     5 |     1 |       |    17 ||    23

Table legend: (Time is in decaauts)
 A = Elapsed time spent in this place.
 B = Non-inter-level travel time spent in this place.
 C = Inter-level travel time spent in this place.
 D = Time resting spent in this place.
 E = Time spent auto-exploring this place.
 F = Levels seen in this place.
 G = Mean time per level.
                   A        B        C        D        E       F      G
               +--------+--------+--------+--------+--------+-----+--------+
         Total |   2144 |   2144 |      0 |   1595 |      1 |   1 | 2144.0 |
       Dungeon |   2144 |   2144 |      0 |   1595 |      1 |   1 | 2144.0 |
               +--------+--------+--------+--------+--------+-----+--------+

Top non-repeatable levels by time:
       D: 2144 daAuts
